HS
JACKSON HS POLAR BEARS @ POLY PREP COUNTRY DAY SCHOOL BLUE DEVILS
02/20/2060
 
TOP OF THE 1ST
Jackson HS Polar Bears batting - Pitching for Poly Prep Country Day School Blue Devils : RHP Oscar Kiss
Pitching: RHP Oscar Kiss
Batting: LHB Bailey Pierce 0-0: Foul Ball, location: 2F
0-1: Swinging Strike
0-2: Ball
1-2: Strikes out swinging
Batting: LHB Avon McAnally 0-0: Called Strike
0-1: Called Strike
0-2: Ball
1-2: Strikes out swinging
Batting: RHB Kieran Maier 0-0: Ball
1-0: Ball
2-0: Called Strike
2-1: Fly out, F6 (Line Drive, 6, EV 67.5 MPH)
Top of the 1st over - 0 runs, 0 hits, 0 errors, 0 left on base; Jackson HS 0 - Poly Prep Country Day School 0
BOTTOM OF THE 1ST
Poly Prep Country Day School Blue Devils batting - Pitching for Jackson HS Polar Bears : RHP Cam DeGrazia
Pitching: RHP Cam DeGrazia
Batting: RHB Gavin Higdon 0-0: Ball
1-0: Called Strike
1-1: SOLO HOME RUN (Flyball, 7LD, EV 93.8 MPH), Distance : 367 ft
Batting: RHB Ashton Kim 0-0: Ball
1-0: Swinging Strike
1-1: Called Strike
1-2: Ball
2-2: Strikes out looking
Batting: LHB Lucas Costner 0-0: Swinging Strike
0-1: Ball
1-1: Foul Ball, location: 2F
1-2: Ball
2-2: Foul Ball, location: 2F
2-2: Ball
3-2: Ground out 5-3 (Groundball, 56, EV 111.2 MPH)
Batting: RHB Kevin Duffie 0-0: Foul Ball, location: 2F
0-1: Ball
1-1: Ground out 5-3 (Groundball, 5, EV 92.5 MPH)
Bottom of the 1st over - 1 run, 1 hit, 0 errors, 0 left on base; Jackson HS 0 - Poly Prep Country Day School 1
TOP OF THE 2ND
Jackson HS Polar Bears batting - Pitching for Poly Prep Country Day School Blue Devils : RHP Oscar Kiss
Batting: LHB Sid Davis 0-0: Ball
1-0: Swinging Strike
1-1: Called Strike
1-2: Foul Ball, location: 2F
1-2: Ball
2-2: Ball
3-2: Ground out 6-3 (Groundball, 6, EV 103.8 MPH)
Batting: RHB Landon Iverson 0-0: Ball
1-0: Swinging Strike
1-1: Called Strike
1-2: Ball
2-2: Strikes out swinging
Batting: LHB Brian Fischer 0-0: Ground out 4-3 (Groundball, 4M, EV 101.2 MPH)
Top of the 2nd over - 0 runs, 0 hits, 0 errors, 0 left on base; Jackson HS 0 - Poly Prep Country Day School 1
BOTTOM OF THE 2ND
Poly Prep Country Day School Blue Devils batting - Pitching for Jackson HS Polar Bears : RHP Cam DeGrazia
Batting: LHB Vince Moore 0-0: Ground out U3 (Groundball, 3S, EV 69.4 MPH)
Batting: RHB Kurt Hutchinson 0-0: Called Strike
0-1: Called Strike
0-2: Ball
1-2: Fly out, F9 (Flyball, 89M, EV 87.5 MPH)
Batting: RHB Kevin Joseph 0-0: Called Strike
0-1: Called Strike
0-2: Ball
1-2: Strikes out swinging
Bottom of the 2nd over - 0 runs, 0 hits, 0 errors, 0 left on base; Jackson HS 0 - Poly Prep Country Day School 1
TOP OF THE 3RD
Jackson HS Polar Bears batting - Pitching for Poly Prep Country Day School Blue Devils : RHP Oscar Kiss
Batting: RHB Jaren Castro 0-0: SINGLE (Line Drive, 9LS, EV 108.8 MPH)
Batting: RHB Zane Gaffney 0-0: SINGLE (Groundball, 56D, EV 98.8 MPH)
Jaren Castro to second
Batting: RHB Giovanny Alice 0-0: Called Strike
0-1: SINGLE (Line Drive, 7S, EV 110.6 MPH)
Jaren Castro to third
Zane Gaffney to second
Batting: LHB Bailey Pierce 0-0: Ball
1-0: Fly out, F7 (Line Drive, 7S, EV 94.4 MPH)
Batting: LHB Avon McAnally 0-0: Called Strike
0-1: Called Strike
0-2: Strikes out swinging
Batting: RHB Kieran Maier 0-0: Foul Ball, location: 2F
0-1: Swinging Strike
0-2: Foul Ball, location: 2F
0-2: Fly out, F8 (Line Drive, 78D, EV 93.1 MPH)
Top of the 3rd over - 0 runs, 3 hits, 0 errors, 3 left on base; Jackson HS 0 - Poly Prep Country Day School 1
BOTTOM OF THE 3RD
Poly Prep Country Day School Blue Devils batting - Pitching for Jackson HS Polar Bears : RHP Cam DeGrazia
Batting: LHB Joseph Krausse 0-0: Ball
1-0: Foul Ball, location: 2F
1-1: Foul Ball, location: 2F
1-2: Foul Ball, location: 2F
1-2: Ball
2-2: Ground out U3 (Groundball, 34, EV 82.5 MPH)
Batting: RHB Eddie Martin 0-0: Called Strike
0-1: Ball
1-1: Ball
2-1: Ball
3-1: Foul Ball, location: 2F
3-2: Foul Ball, location: 2F
3-2: Ground out 5-3 (Groundball, 56S, EV 84.4 MPH)
Batting: RHB Gavin Higdon 0-0: Ball
1-0: Swinging Strike
1-1: Ball
2-1: Foul Ball, location: 2F
2-2: Foul Ball, location: 2F
2-2: Ball
3-2: Foul Ball, location: 2F
3-2: Base on Balls
Batting: RHB Ashton Kim 0-0: Ball
Gavin Higdon steals 2nd base
1-0: 2-RUN HOME RUN (Flyball, 7LD, EV 95.0 MPH), Distance : 353 ft
Batting: LHB Lucas Costner 0-0: Foul Ball, location: 2F
0-1: Foul Ball, location: 2F
0-2: Fly out, F7 (Line Drive, 7, EV 102.5 MPH)
Bottom of the 3rd over - 2 runs, 1 hit, 0 errors, 0 left on base; Jackson HS 0 - Poly Prep Country Day School 3
TOP OF THE 4TH
Jackson HS Polar Bears batting - Pitching for Poly Prep Country Day School Blue Devils : RHP Oscar Kiss
Batting: LHB Sid Davis 0-0: SINGLE (Flyball, 6D, EV 88.1 MPH)
Batting: RHB Landon Iverson 0-0: Ball
1-0: SINGLE (Groundball, 34D, EV 106.9 MPH)
Sid Davis to second
Runner from 2nd tries for 3rd, SAFE, throw by RF made to third
Batting: LHB Brian Fischer 0-0: Fielders Choice at 2nd, 1-6 (Groundball, 34S, EV 64.4 MPH)
Batting: RHB Jaren Castro 0-0: Ball
1-0: Called Strike
1-1: Ball
2-1: Ball
3-1: DOUBLE (Line Drive, 89D, EV 93.1 MPH)
Sid Davis scores
Brian Fischer to third
Batting: RHB Zane Gaffney 0-0: Ball
1-0: Called Strike
1-1: Swinging Strike
1-2: Foul Ball, location: 2F
1-2: Fly out, F8 (Flyball, 8LD, EV 86.2 MPH)
Runner from 3rd tags up, SCORES, throw by CF
Jaren Castro to third
Batting: RHB Giovanny Alice 0-0: Ball
1-0: Ball
2-0: Foul Ball, location: 2F
2-1: Ball
3-1: Called Strike
3-2: Ground out 5-3 (Groundball, 56, EV 106.9 MPH)
Top of the 4th over - 2 runs, 3 hits, 0 errors, 1 left on base; Jackson HS 2 - Poly Prep Country Day School 3
BOTTOM OF THE 4TH
Poly Prep Country Day School Blue Devils batting - Pitching for Jackson HS Polar Bears : RHP Cam DeGrazia
Batting: RHB Kevin Duffie 0-0: Foul Ball, location: 2F
0-1: Ball
1-1: Ground out 6-3 (Groundball, 56, EV 103.8 MPH)
Batting: LHB Vince Moore 0-0: Called Strike
0-1: Ball
1-1: Foul Ball, location: 2F
1-2: Fly out, F8 (Flyball, 89D, EV 102.5 MPH)
Batting: RHB Kurt Hutchinson 0-0: Called Strike
0-1: Ground out 4-3 (Groundball, 4, EV 86.2 MPH)
Bottom of the 4th over - 0 runs, 0 hits, 0 errors, 0 left on base; Jackson HS 2 - Poly Prep Country Day School 3
TOP OF THE 5TH
Jackson HS Polar Bears batting - Pitching for Poly Prep Country Day School Blue Devils : RHP Oscar Kiss
Batting: LHB Bailey Pierce 0-0: Ball
1-0: Called Strike
1-1: Ball
2-1: SINGLE (Groundball, 6MD, EV 108.8 MPH)
Batting: LHB Avon McAnally 0-0: Sac Bunt to 2L - play at first, batter OUT! 2-3
Bailey Pierce to second
Batting: RHB Kieran Maier 0-0: Called Strike
Bailey Pierce steals 3rd base
0-1: Ball
1-1: Called Strike
1-2: Strikes out swinging
Batting: LHB Sid Davis 0-0: Called Strike
0-1: Ball
1-1: Foul Ball, location: 2F
1-2: Ball
2-2: Ball
3-2: Foul Ball, location: 2F
3-2: Strikes out swinging
Top of the 5th over - 0 runs, 1 hit, 0 errors, 1 left on base; Jackson HS 2 - Poly Prep Country Day School 3
BOTTOM OF THE 5TH
Poly Prep Country Day School Blue Devils batting - Pitching for Jackson HS Polar Bears : RHP Cam DeGrazia
Batting: RHB Kevin Joseph 0-0: SOLO HOME RUN (Flyball, 8RXD, EV 116.2 MPH), Distance : 464 ft
Batting: LHB Joseph Krausse 0-0: Foul Ball, location: 2F
0-1: Ball
1-1: Foul Ball, location: 2F
1-2: Ball
2-2: Strikes out swinging
Batting: RHB Eddie Martin 0-0: Called Strike
0-1: Foul Ball, location: 2F
0-2: Foul Ball, location: 2F
0-2: Foul Ball, location: 2F
0-2: Ball
1-2: SINGLE (Groundball, 6MD, EV 96.9 MPH)
Batting: RHB Gavin Higdon 0-0: Ball
1-0: Ball
2-0: Ball
3-0: Base on Balls
Eddie Martin to second
Pitching: RHP Jarod King
Batting: RHB Ashton Kim 0-0: Foul Ball, location: 2F
0-1: Swinging Strike
0-2: Foul Ball, location: 2F
0-2: Fly out, F4 (Line Drive, 4, EV 65.0 MPH)
Batting: LHB Lucas Costner 0-0: Called Strike
0-1: Swinging Strike
0-2: Foul Ball, location: 2F
0-2: Strikes out swinging
Bottom of the 5th over - 1 run, 2 hits, 0 errors, 2 left on base; Jackson HS 2 - Poly Prep Country Day School 4
TOP OF THE 6TH
Jackson HS Polar Bears batting - Pitching for Poly Prep Country Day School Blue Devils : RHP Oscar Kiss
Batting: RHB Landon Iverson 0-0: Ball
1-0: Swinging Strike
1-1: Ball
2-1: Swinging Strike
2-2: Foul Ball, location: 2F
2-2: Ball
3-2: Fly out, F4 (Line Drive, 4, EV 61.9 MPH)
Pitching: RHP Leander Fifield
Batting: LHB Brian Fischer 0-0: Ball
1-0: SINGLE (Groundball, 4M, EV 102.5 MPH) (infield hit)
Pinch Hitting: RHB Nic Pease 0-0: Ball
Brian Fischer steals 2nd base (no throw)
1-0: Ball
2-0: Swinging Strike
2-1: Ball
3-1: Foul Ball, location: 2F
3-2: Strikes out looking
Pinch Hitting: RHB Johnathon Higashi 0-0: Ball
1-0: Ball
2-0: Called Strike
2-1: Swinging Strike
2-2: Ball
3-2: DOUBLE (Line Drive, 78D, EV 96.2 MPH)
Brian Fischer scores
Batting: RHB Giovanny Alice 0-0: Called Strike
0-1: Ball
1-1: Ball
2-1: Ball
3-1: Foul Ball, location: 2F
3-2: Strikes out swinging
Top of the 6th over - 1 run, 2 hits, 0 errors, 1 left on base; Jackson HS 3 - Poly Prep Country Day School 4
BOTTOM OF THE 6TH
Poly Prep Country Day School Blue Devils batting - Pitching for Jackson HS Polar Bears : RHP Jarod King
Now at 2B: Corny Boisvert
Now at 3B: Nic Pease
Batting: RHB Kevin Duffie 0-0: Ball
1-0: Ball
2-0: Called Strike
2-1: Ball
3-1: Reached on error, E1 (Groundball, 25, EV 65.6 MPH)
Batting: LHB Vince Moore 0-0: Ball
1-0: Ball
2-0: Ball
3-0: Base on Balls
Kevin Duffie to second
Batting: RHB Kurt Hutchinson 0-0: SINGLE (Flyball, 8LS, EV 94.4 MPH)
Kevin Duffie to third
Vince Moore to second
Batting: RHB Kevin Joseph 0-0: Ball
1-0: Swinging Strike
1-1: Swinging Strike
1-2: Fly out, F9 (Flyball, 9, EV 88.8 MPH)
Batting: LHB Joseph Krausse 0-0: Swinging Strike
0-1: Ball
1-1: Called Strike
1-2: Ball
2-2: Ball
3-2: Foul Ball, location: 2F
3-2: Strikes out swinging
Batting: RHB Eddie Martin 0-0: Ball
1-0: Ball
2-0: Ball
3-0: Called Strike
3-1: Base on Balls
Kevin Duffie scores
Vince Moore to third
Kurt Hutchinson to second
Batting: RHB Gavin Higdon 0-0: Called Strike
0-1: Foul Ball, location: 2F
0-2: Fly out, F7 (Flyball, 78D, EV 98.1 MPH)
Bottom of the 6th over - 1 run, 1 hit, 1 error, 3 left on base; Jackson HS 3 - Poly Prep Country Day School 5
TOP OF THE 7TH
Jackson HS Polar Bears batting - Pitching for Poly Prep Country Day School Blue Devils : RHP Leander Fifield
Batting: LHB Bailey Pierce 0-0: Ball
1-0: Ball
2-0: Foul Ball, location: 2F
2-1: Ground out 4-3 (Groundball, 4MD, EV 103.8 MPH)
Batting: LHB Avon McAnally 0-0: Ball
1-0: Called Strike
1-1: SINGLE (Groundball, 34D, EV 83.1 MPH) (infield hit)
Batting: RHB Kieran Maier 0-0: Ball
1-0: Ball
2-0: Ball
3-0: Called Strike
3-1: Called Strike
3-2: SINGLE (Line Drive, 6MD, EV 93.8 MPH)
Avon McAnally to second
Avon McAnally to third
Batting: LHB Sid Davis 0-0: Called Strike
0-1: Swinging Strike
0-2: Strikes out looking
Kieran Maier steals 2nd, throwing error, E2
Avon McAnally scores
Kieran Maier to third
Batting: RHB Landon Iverson 0-0: Ball
1-0: Ball
2-0: Called Strike
2-1: Swinging Strike
2-2: Ball
3-2: Foul Ball, location: 2F
3-2: Strikes out swinging
Top of the 7th over - 1 run, 2 hits, 1 error, 1 left on base; Jackson HS 4 - Poly Prep Country Day School 5
BOTTOM OF THE 7TH
Poly Prep Country Day School Blue Devils batting - Pitching for Jackson HS Polar Bears : RHP Jarod King
Batting: RHB Ashton Kim 0-0: Called Strike
0-1: DOUBLE (Flyball, 8LXD, EV 104.4 MPH)
Batting: LHB Lucas Costner 0-0: Foul Ball, location: 2F
0-1: Ball
1-1: Ball
2-1: Ball
3-1: Fly out, F7 (Flyball, 7LSF, EV 90.0 MPH)
Batting: RHB Kevin Duffie 0-0: Ground out U3 (Groundball, 34S, EV 76.9 MPH)
Ashton Kim to third
Batting: LHB Vince Moore 0-0: Foul Ball, location: 2F
0-1: Swinging Strike
0-2: Strikes out swinging
Bottom of the 7th over - 0 runs, 1 hit, 0 errors, 1 left on base; Jackson HS 4 - Poly Prep Country Day School 5
TOP OF THE 8TH
Jackson HS Polar Bears batting - Pitching for Poly Prep Country Day School Blue Devils : RHP Leander Fifield
Batting: SHB Cordell Fudge 0-0: Ball
1-0: Foul Ball, location: 2F
1-1: Ground out 4-3 (Groundball, 4S, EV 90.6 MPH)
Batting: RHB Nic Pease 0-0: Foul Ball, location: 2F
0-1: Ball
1-1: Foul Ball, location: 2F
1-2: Ball
2-2: Fly out, F7 (Flyball, 7, EV 78.8 MPH)
Batting: RHB Corny Boisvert 0-0: Foul Ball, location: 2F
0-1: Foul Ball, location: 2F
0-2: Ball
1-2: Ball
2-2: Ground out 4-3 (Groundball, 4, EV 106.9 MPH)
Top of the 8th over - 0 runs, 0 hits, 0 errors, 0 left on base; Jackson HS 4 - Poly Prep Country Day School 5
BOTTOM OF THE 8TH
Poly Prep Country Day School Blue Devils batting - Pitching for Jackson HS Polar Bears : RHP Jarod King
Batting: RHB Kurt Hutchinson 0-0: Ball
1-0: Ball
2-0: Ball
3-0: Called Strike
3-1: Fly out, F7 (Flyball, 78M, EV 72.5 MPH)
Batting: RHB Kevin Joseph 0-0: Ball
1-0: Foul Ball, location: 2F
1-1: Foul Ball, location: 2F
1-2: Foul Ball, location: 2F
1-2: Ball
2-2: Ground out 4-3 (Groundball, 34, EV 102.5 MPH)
Batting: LHB Joseph Krausse 0-0: Ball
1-0: Ball
2-0: Ball
3-0: Base on Balls
Pinch Hitting: RHB Karl Luther 0-0: Ball
1-0: Ball
2-0: Ball
3-0: Fielders Choice at 2nd, 6-4 (Groundball, 56, EV 81.2 MPH)
Bottom of the 8th over - 0 runs, 0 hits, 0 errors, 1 left on base; Jackson HS 4 - Poly Prep Country Day School 5
TOP OF THE 9TH
Jackson HS Polar Bears batting - Pitching for Poly Prep Country Day School Blue Devils : RHP Leander Fifield
Pitching: RHP Arnold Trout
Now at SS: Riley Lunney
Batting: RHB Giovanny Alice 0-0: Called Strike
0-1: Swinging Strike
0-2: Ground out 6-3 (Groundball, 6, EV 90.0 MPH)
Batting: LHB Bailey Pierce 0-0: Swinging Strike
0-1: Ball
1-1: Ball
2-1: Ball
3-1: Swinging Strike
3-2: DOUBLE (Line Drive, 78D, EV 105.0 MPH)
Batting: LHB Avon McAnally 0-0: Called Strike
0-1: Foul Ball, location: 2F
0-2: Fly out, F7 (Flyball, 7S, EV 88.8 MPH)
Batting: RHB Kieran Maier 0-0: Ball
1-0: Swinging Strike
1-1: Ball
2-1: Swinging Strike
2-2: Foul Ball, location: 2F
2-2: Ball
3-2: Foul Ball, location: 2F
3-2: Base on Balls
Pinch Hitting: RHB Phillip Miller 0-0: Ball
1-0: Fielders Choice at 2nd, 6-4 (Groundball, 6, EV 82.5 MPH)
Top of the 9th over - 0 runs, 1 hit, 0 errors, 2 left on base; Jackson HS 4 - Poly Prep Country Day School 5
Tuesday, April 16th , 2024 - OOTP Baseball 23.10 Build 110